 Dungeon Crawl Stone Soup version 0.32-a0-938-g40ac7a0f4d (webtiles) character file.

Game seed: 2712374755018771063

7 Dirtsage the Vexing (level 1, 0/15 HPs)
             Began as a Demonspawn Hexslinger on Apr 15, 2024.
             Slain by a hobgoblin (2 damage)
             ... on level 1 of the Dungeon.
             The game lasted 00:00:27 (134 turns).

Dirtsage the Vexing (Demonspawn Hexslinger)          Turns: 134, Time: 00:00:28

Health: 0/15       AC:  5    Str:  8    XL:     1   Next: 91%
Magic:  2/2        EV:  9    Int: 13    God:
Gold:   28         SH:  0    Dex: 15    Spells: 2/2 levels left

rFire   . . .        a - +1 sling
rCold   . . .        (no shield)
rNeg    . . .        e - +0 ring mail
rPois   .            (no helmet)
rElec   .            (no cloak)
rCorr   .            (no gloves)
SInv    .            (no boots)
Will    .....        (no amulet)
Stlth   +            (no ring)
HPRegen 0.22/turn    (no ring)
MPRegen 0.08/turn

%: no passive effects
@: no status effects
A: no striking features
a: no special abilities


You were on level 1 of the Dungeon.
You visited 1 branch of the dungeon, and saw 1 of its levels.

You collected 28 gold pieces.

Inventory:

Hand Weapons
 a - a +1 sling (weapon)
Armour
 c - a +0 robe
 e - a +0 ring mail (worn)
Scrolls
 b - a scroll of poison
 d - 3 scrolls of identify {unknown}
 f - a scroll of torment {unknown}
 g - a scroll of blinking {unknown}


   Skills:
 - Level 1.0 Fighting
 + Level 2.4 Ranged Weapons
 - Level 1.7 Dodging
 - Level 1.0 Spellcasting
 - Level 3.0 Hexes
 - Level 0.8 Fire Magic


You had 2 spell levels left.
You didn't know any spells.
Your spell library contained the following spells:

 Spells                   Type           Power      Damage    Failure   Level
 Jinxbite                 Hex            16%        N/A       36%         2
 Sigil of Binding         Hex            8%         N/A       58%         3
 Inner Flame              Hex/Fire       5%         N/A       75%         3
 Cause Fear               Hex            4%         N/A       94%         4
 Dimensional Bullseye     Hex/Tloc       2%         N/A       99%         4


Dungeon Overview and Level Annotations

Branches:
Dungeon (1/15)

Altars:


Message History

You shoot a sling bullet. The sling bullet hits the hobgoblin.
The hobgoblin is heavily wounded.
You shoot a sling bullet. The sling bullet hits the hobgoblin.
The hobgoblin is almost dead.
The hobgoblin hits you. The hobgoblin closely misses you.
You take 4 damage, and have 11/15 hp.
MASSIVE DAMAGE!!
You shoot a sling bullet.
The sling bullet barely misses the hobgoblin.
The hobgoblin barely misses you.
You shoot a sling bullet.
The sling bullet barely misses the hobgoblin.
The hobgoblin hits you.
The hobgoblin hits you but does no damage.
You take 3 damage, and have 9/15 hp.
You are too injured to fight recklessly!
You are too injured to fight recklessly!
You are too injured to fight recklessly!
You are too injured to fight recklessly!
You shoot a sling bullet.
The sling bullet closely misses the hobgoblin.
The hobgoblin barely misses you.
You shoot a sling bullet.
The sling bullet closely misses the hobgoblin.
The hobgoblin closely misses you.
You shoot a sling bullet.
The sling bullet completely misses the hobgoblin.
The hobgoblin hits you. x2
You take 5 damage, and have 5/15 hp.
MASSIVE DAMAGE!!
You shoot a sling bullet.
The sling bullet closely misses the hobgoblin.
The hobgoblin closely misses you.
You shoot a sling bullet.
The sling bullet barely misses the hobgoblin.
The hobgoblin hits you. x2
* * * LOW HITPOINT WARNING * * *
You take 3 damage, and have 2/15 hp.
You shoot a sling bullet.
The sling bullet closely misses the hobgoblin.
The hobgoblin hits you.
You die...

.....#..# # #..#.
#.#.#..#.#
#..#.##........###
##..#.####.........
...#.##....†...##.
#..#.##.###..#.#
#..#.##.###..# #
#g.#.........#
######@...........#
...........).....###
#######..####.##.#
####..## #.# .#
......# #.# .#
#.#...# #.##.##
###....# #.#...##
.#.#...# #......##
#.##..>###.......#


You could see a hobgoblin.

Vanquished Creatures
  A dart slug (D:1)
  A giant cockroach (D:1)
  A hobgoblin (D:1)
  A frilled lizard (D:1)
  2 rats (D:1)
6 creatures vanquished.

Notes
Turn   | Place    | Note
-------+----------+-------------------------------------------
     0 | D:1      | Dirtsage the Demonspawn Hexslinger began the quest for the
                  | Orb.
     0 | D:1      | Reached XP level 1. HP: 15/15 MP: 2/2
   134 | D:1      | Slain by a hobgoblin

Illustrated notes

Levels and vault maps discovered:
D:1:      dpeg_arrival_radiant, layout_loops_ring

Skill      XL: |  1 |
---------------+----+-----
Ranged Weapons | 2 |  2.4
Fighting       | |  1.0
Dodging        | |  1.7
Spellcasting   | |  1.0
Hexes          | |  3.0
Fire Magic     | |  0.8

Action                     || total
---------------------------++-------
   Fire: Sling             ||    30
 Armour: Ring mail         ||    15
         Robe              ||     4
  Dodge: Dodged            ||    14

Table legend: (Time is in decaauts)
 A = Elapsed time spent in this place.
 B = Non-inter-level travel time spent in this place.
 C = Inter-level travel time spent in this place.
 D = Time resting spent in this place.
 E = Time spent auto-exploring this place.
 F = Levels seen in this place.
 G = Mean time per level.
                   A        B        C        D        E       F      G
               +--------+--------+--------+--------+--------+-----+--------+
         Total |    146 |    142 |      4 |      0 |     81 |   1 |  146.0 |
       Dungeon |    146 |    142 |      4 |      0 |     81 |   1 |  146.0 |
               +--------+--------+--------+--------+--------+-----+--------+

Top non-repeatable levels by time:
     D:1: 146 daAuts
